TOP OF THE 1ST |
Purdue Boilermakers batting - Pitching for Virginia Cavaliers : RHP Miguel Mejía
|
Pitching: RHP Miguel Mejía
|
|
Batting: RHB John Jamison
|
0-0: Foul Ball, location: 2F 0-1: Ball 1-1: Ground out 5-3 (Groundball, 56)
|
Batting: LHB Ray Bryant
|
0-0: Bunted foul 0-1: Ball 1-1: Ground out 4-3 (Groundball, 4M)
|
Batting: RHB John Martin
|
0-0: Called Strike 0-1: Fly out, F7 (Flyball, 7LM)
|
Top of the 1st over - 0 run(s), 0 hit(s), 0 error(s), 0 left on base; Purdue 0 - Virginia 0 |
BOTTOM OF THE 1ST |
Virginia Cavaliers batting - Pitching for Purdue Boilermakers : RHP Bill Porter
|
Pitching: RHP Bill Porter
|
|
Batting: RHB John Dorsey
|
0-0: Ball 1-0: Called Strike 1-1: Swinging Strike 1-2: Ball 2-2: Ball 3-2: Base on Balls
|
Batting: RHB Curt Owens
|
0-0: Ball 1-0: Ball 2-0: Foul Ball, location: 2F 2-1: SINGLE (Line Drive, 6D) John Dorsey to second
|
Batting: RHB John Warren
|
0-0: Ball 1-0: Called Strike 1-1: Foul Ball, location: 2F 1-2: Foul Ball, location: 2F 1-2: Strikes out looking
|
Batting: LHB John Frost
|
0-0: SINGLE (Groundball, 6M) John Dorsey to third Curt Owens to second Runner from 3rd tries for Home, SAFE, no throw or cutoff
|
Batting: RHB Rafael Ornelas
|
0-0: Called Strike 0-1: Ball 1-1: Foul Ball, location: 2F 1-2: Strikes out looking
|
Batting: LHB José Márquez
|
0-0: Called Strike 0-1: Ball 1-1: Foul Ball, location: 2F 1-2: SINGLE (Groundball, 56D) Curt Owens to third John Frost to second Runner from 3rd tries for Home, SAFE, no throw or cutoff
|
Batting: RHB Ty Ford
|
0-0: Ball 1-0: Ball John Frost steals 3rd base José Márquez to second 2-0: Called Strike 2-1: Foul Ball, location: 2F 2-2: Ball 3-2: SINGLE (Flyball, 8RS) John Frost scores José Márquez to third José Márquez scores
|
Batting: RHB David Crosby
|
0-0: Swinging Strike 0-1: Swinging Strike 0-2: SINGLE (Groundball, 6D) Ty Ford to second
|
Batting: RHB Flynn Green
|
0-0: Called Strike 0-1: Called Strike 0-2: Ground out 5-3 (Groundball, 5L)
|
Bottom of the 1st over - 4 run(s), 5 hit(s), 0 error(s), 2 left on base; Purdue 0 - Virginia 4 |
TOP OF THE 2ND |
Purdue Boilermakers batting - Pitching for Virginia Cavaliers : RHP Miguel Mejía
|
Batting: RHB Robby Lewis
|
0-0: Ball 1-0: Foul Ball, location: 2F 1-1: Ball 2-1: Foul Ball, location: 2F 2-2: Foul Ball, location: 2F 2-2: Strikes out swinging
|
Batting: RHB Norm Scott
|
0-0: Fly out, F7 (Flyball, 7M)
|
Batting: SHB Ben Summers
|
0-0: Called Strike 0-1: Ball 1-1: Called Strike 1-2: Ball 2-2: Strikes out swinging
|
Top of the 2nd over - 0 run(s), 0 hit(s), 0 error(s), 0 left on base; Purdue 0 - Virginia 4 |
BOTTOM OF THE 2ND |
Virginia Cavaliers batting - Pitching for Purdue Boilermakers : RHP Bill Porter
|
Batting: RHB John Dorsey
|
0-0: Swinging Strike 0-1: Ball 1-1: Ball 2-1: Called Strike 2-2: Foul Ball, location: 2F 2-2: Ball 3-2: SINGLE (Line Drive, 89M)
|
Batting: RHB Curt Owens
|
0-0: Called Strike 0-1: Hit by Pitch John Dorsey to second
|
Batting: RHB John Warren
|
0-0: Ball 1-0: Ball 2-0: Ball 3-0: Base on Balls John Dorsey to third Curt Owens to second
|
Batting: LHB John Frost
|
0-0: Ball 1-0: Called Strike 1-1: Swinging Strike 1-2: Strikes out swinging
|
Batting: RHB Rafael Ornelas
|
0-0: Ball Wild Pitch! John Dorsey scores Curt Owens to third John Warren to second 1-0: Called Strike 1-1: Ball 2-1: Called Strike 2-2: Strikes out swinging
|
Batting: LHB José Márquez
|
0-0: Called Strike 0-1: Ball 1-1: Called Strike 1-2: Strikes out swinging
|
Bottom of the 2nd over - 1 run(s), 1 hit(s), 0 error(s), 2 left on base; Purdue 0 - Virginia 5 |
TOP OF THE 3RD |
Purdue Boilermakers batting - Pitching for Virginia Cavaliers : RHP Miguel Mejía
|
Batting: RHB Glenn Broadwater
|
0-0: Ball 1-0: Foul Ball, location: 2F 1-1: Ball 2-1: Called Strike 2-2: SINGLE (Line Drive, 8RS)
|
Batting: RHB Jeff Mason
|
0-0: Ball Glenn Broadwater steals 2nd base 1-0: Swinging Strike 1-1: Swinging Strike 1-2: Foul Ball, location: 2F 1-2: Strikes out swinging
|
Batting: RHB Bill Crawley
|
0-0: Swinging Strike 0-1: Ball 1-1: DOUBLE (Line Drive, 9LM) Glenn Broadwater scores
|
Batting: RHB John Jamison
|
0-0: Ball 1-0: Ball Bill Crawley is caught stealing 3rd base 2-0: Fly out, F8 (Line Drive, 8LM)
|
Top of the 3rd over - 1 run(s), 2 hit(s), 0 error(s), 0 left on base; Purdue 1 - Virginia 5 |
BOTTOM OF THE 3RD |
Virginia Cavaliers batting - Pitching for Purdue Boilermakers : RHP Bill Porter
|
Batting: RHB Ty Ford
|
0-0: Ground out 5-3 (Groundball, 56)
|
Batting: RHB David Crosby
|
0-0: SINGLE (Line Drive, 6M)
|
Batting: RHB Flynn Green
|
0-0: SINGLE (Line Drive, 56D) David Crosby to second
|
Batting: RHB John Dorsey
|
0-0: DOUBLE (Flyball, 7M) David Crosby scores Flynn Green to third Runner from 3rd tries for Home, SAFE, no throw or cutoff
|
Batting: RHB Curt Owens
|
0-0: Foul Ball, location: 2F 0-1: Swinging Strike 0-2: Ball 1-2: Ball 2-2: Strikes out looking
|
Batting: RHB John Warren
|
0-0: Ball 1-0: 2-RUN HOME RUN (Flyball, 8RXD), Distance : 404 ft
|
Pitching: RHP Michael Hankins
|
|
Batting: LHB John Frost
|
0-0: Ball 1-0: Foul Ball, location: 2F 1-1: Foul Ball, location: 2F 1-2: Foul Ball, location: 2F 1-2: Foul Ball, location: 2F 1-2: Foul Ball, location: 2F 1-2: Ball 2-2: Ground out 6-3 (Groundball, 6M)
|
Bottom of the 3rd over - 4 run(s), 4 hit(s), 0 error(s), 0 left on base; Purdue 1 - Virginia 9 |
TOP OF THE 4TH |
Purdue Boilermakers batting - Pitching for Virginia Cavaliers : RHP Miguel Mejía
|
Batting: LHB Ray Bryant
|
0-0: Bunt missed! 0-1: Ball 1-1: Ball 2-1: Ball 3-1: Base on Balls
|
Batting: RHB John Martin
|
0-0: Called Strike 0-1: Foul Ball, location: 2F 0-2: Strikes out swinging
|
Batting: RHB Robby Lewis
|
0-0: Foul Ball, location: 2F 0-1: Ball 1-1: Fly out, F4 (Line Drive, 4)
|
Batting: RHB Norm Scott
|
0-0: Ball 1-0: Called Strike 1-1: Ball 2-1: Ground out 4-3 (Groundball, 4)
|
Top of the 4th over - 0 run(s), 0 hit(s), 0 error(s), 1 left on base; Purdue 1 - Virginia 9 |
BOTTOM OF THE 4TH |
Virginia Cavaliers batting - Pitching for Purdue Boilermakers : RHP Michael Hankins
|
Batting: RHB Rafael Ornelas
|
0-0: Ball 1-0: Called Strike 1-1: Ground out 6-3 (Groundball, 6M)
|
Batting: LHB José Márquez
|
0-0: SINGLE (Line Drive, 6D)
|
Batting: RHB Ty Ford
|
0-0: Ball 1-0: Ball 2-0: Called Strike 2-1: Fly out, F8 (Line Drive, 8LM)
|
Batting: RHB David Crosby
|
0-0: Ball 1-0: Swinging Strike 1-1: Foul Ball, location: 2F 1-2: Strikes out swinging
|
Bottom of the 4th over - 0 run(s), 1 hit(s), 0 error(s), 1 left on base; Purdue 1 - Virginia 9 |
TOP OF THE 5TH |
Purdue Boilermakers batting - Pitching for Virginia Cavaliers : RHP Miguel Mejía
|
Batting: SHB Ben Summers
|
0-0: Ball 1-0: SINGLE (Line Drive, 4MD)
|
Batting: RHB Glenn Broadwater
|
0-0: Swinging Strike 0-1: Foul Ball, location: 2F 0-2: Ball 1-2: Foul Ball, location: 2F 1-2: Grounds into double play, 6-4-3 (Groundball, 6)
|
Batting: RHB Jeff Mason
|
0-0: Called Strike 0-1: SINGLE (Line Drive, 6MD)
|
Batting: RHB Bill Crawley
|
0-0: Ball Balk! Jeff Mason to second 1-0: Ball 2-0: Foul Ball, location: 2F 2-1: Ball 3-1: Base on Balls
|
Batting: RHB John Jamison
|
0-0: Called Strike 0-1: Ball 1-1: Ground out 1-3 (Groundball, 13)
|
Top of the 5th over - 0 run(s), 2 hit(s), 0 error(s), 2 left on base; Purdue 1 - Virginia 9 |
BOTTOM OF THE 5TH |
Virginia Cavaliers batting - Pitching for Purdue Boilermakers : RHP Michael Hankins
|
Batting: RHB Flynn Green
|
0-0: Foul Ball, location: 2F 0-1: Ball 1-1: Fly out, F8 (Flyball, 8RS)
|
Batting: RHB John Dorsey
|
0-0: Called Strike 0-1: Foul Ball, location: 2F 0-2: Ball 1-2: Strikes out swinging
|
Batting: RHB Curt Owens
|
0-0: Ground out 5-3 (Groundball, 56)
|
Bottom of the 5th over - 0 run(s), 0 hit(s), 0 error(s), 0 left on base; Purdue 1 - Virginia 9 |
TOP OF THE 6TH |
Purdue Boilermakers batting - Pitching for Virginia Cavaliers : RHP Miguel Mejía
|
Batting: LHB Ray Bryant
|
0-0: Called Strike 0-1: Bunted foul 0-2: Ball 1-2: Ball 2-2: Ground out 4-3 (Groundball, 4M)
|
Batting: RHB John Martin
|
0-0: Called Strike 0-1: Called Strike 0-2: Foul Ball, location: 2F 0-2: Foul Ball, location: 2F 0-2: Ball 1-2: Foul Ball, location: 2F 1-2: Foul Ball, location: 2F 1-2: Ball 2-2: Strikes out looking
|
Batting: RHB Robby Lewis
|
0-0: Ball 1-0: Ground out U3 (Groundball, 3L)
|
Top of the 6th over - 0 run(s), 0 hit(s), 0 error(s), 0 left on base; Purdue 1 - Virginia 9 |
BOTTOM OF THE 6TH |
Virginia Cavaliers batting - Pitching for Purdue Boilermakers : RHP Michael Hankins
|
Batting: RHB John Warren
|
0-0: Ball 1-0: Ball 2-0: Ball 3-0: Called Strike 3-1: Swinging Strike 3-2: Foul Ball, location: 2F 3-2: Base on Balls
|
Batting: LHB John Frost
|
0-0: Ball 1-0: Called Strike 1-1: Ball 2-1: Called Strike 2-2: Fly out, F8 (Flyball, 8LM)
|
Batting: RHB Rafael Ornelas
|
0-0: Called Strike 0-1: Ball 1-1: Ball 2-1: Called Strike 2-2: Ball 3-2: Foul Ball, location: 2F 3-2: Base on Balls John Warren to second
|
Batting: LHB José Márquez
|
0-0: SINGLE (Flyball, 8RS) John Warren to third Rafael Ornelas to second Runner from 3rd tries for Home, SAFE, throw made home Rafael Ornelas to third José Márquez to second
|
Batting: RHB Ty Ford
|
0-0: Called Strike 0-1: Ground out 2-3 (Groundball, 2R)
|
Batting: RHB David Crosby
|
0-0: Ball 1-0: Ball 2-0: Ball 3-0: Called Strike 3-1: Fly out, F6 (Popup, 4M)
|
Bottom of the 6th over - 1 run(s), 1 hit(s), 0 error(s), 2 left on base; Purdue 1 - Virginia 10 |
TOP OF THE 7TH |
Purdue Boilermakers batting - Pitching for Virginia Cavaliers : RHP Miguel Mejía
|
Pitching: RHP Gary Workman
|
|
Batting: RHB Norm Scott
|
0-0: Ground out U3 (Groundball, 3)
|
Batting: SHB Ben Summers
|
0-0: Called Strike 0-1: Called Strike 0-2: Strikes out swinging
|
Batting: RHB Glenn Broadwater
|
0-0: Ball 1-0: SOLO HOME RUN (Flyball, 7D), Distance : 364 ft
|
Batting: RHB Jeff Mason
|
0-0: Swinging Strike 0-1: Called Strike 0-2: Ball 1-2: Ball 2-2: Strikes out swinging
|
Top of the 7th over - 1 run(s), 1 hit(s), 0 error(s), 0 left on base; Purdue 2 - Virginia 10 |
BOTTOM OF THE 7TH |
Virginia Cavaliers batting - Pitching for Purdue Boilermakers : RHP Michael Hankins
|
Pitching: RHP Doug Stephenson
|
|
Batting: RHB Flynn Green
|
0-0: Bunt for hit - play at first, batter OUT! 4-3
|
Batting: RHB John Dorsey
|
0-0: Called Strike 0-1: Ball 1-1: Ball 2-1: Foul Ball, location: 2F 2-2: Foul Ball, location: 2F 2-2: Foul Ball, location: 2F 2-2: Ball 3-2: Ground out 6-3 (Groundball, 6)
|
Batting: RHB Curt Owens
|
0-0: Foul Ball, location: 2F 0-1: Ball 1-1: Ball 2-1: SOLO HOME RUN (Line Drive, 7LD), Distance : 334 ft
|
Batting: RHB John Warren
|
0-0: Ball 1-0: Ball 2-0: Ball 3-0: Base on Balls
|
Batting: LHB John Frost
|
0-0: Called Strike 0-1: Ball 1-1: Ball 2-1: Foul Ball, location: 2F 2-2: Strikes out swinging
|
Bottom of the 7th over - 1 run(s), 1 hit(s), 0 error(s), 1 left on base; Purdue 2 - Virginia 11 |
TOP OF THE 8TH |
Purdue Boilermakers batting - Pitching for Virginia Cavaliers : RHP Gary Workman
|
Now at C: David Carter
|
|
Now in LF: Jeff Land
|
|
Batting: RHB Bill Crawley
|
0-0: Ball 1-0: Swinging Strike 1-1: Ball 2-1: Foul Ball, location: 2F 2-2: Strikes out swinging
|
Batting: RHB John Jamison
|
0-0: Called Strike 0-1: Ball 1-1: Ball 2-1: SINGLE (Groundball, 56D) (infield hit)
|
Batting: LHB Ray Bryant
|
0-0: Ball 1-0: Called Strike 1-1: Called Strike 1-2: Strikes out swinging
|
Batting: RHB John Martin
|
0-0: Foul Ball, location: 2F 0-1: Foul Ball, location: 2F 0-2: Foul Ball, location: 2F 0-2: Strikes out looking
|
Top of the 8th over - 0 run(s), 1 hit(s), 0 error(s), 1 left on base; Purdue 2 - Virginia 11 |
BOTTOM OF THE 8TH |
Virginia Cavaliers batting - Pitching for Purdue Boilermakers : RHP Doug Stephenson
|
Batting: RHB Rafael Ornelas
|
0-0: Ball 1-0: Foul Ball, location: 2F 1-1: Ball 2-1: Ball 3-1: Base on Balls
|
Batting: LHB José Márquez
|
0-0: Ball 1-0: Ball 2-0: Swinging Strike 2-1: Ball 3-1: Foul Ball, location: 2F 3-2: Base on Balls Rafael Ornelas to second
|
Batting: RHB Ty Ford
|
0-0: Ball 1-0: Swinging Strike 1-1: Called Strike 1-2: Strikes out swinging
|
Batting: RHB David Crosby
|
0-0: Swinging Strike 0-1: Ball 1-1: Foul Ball, location: 2F 1-2: Strikes out swinging
|
Batting: RHB Flynn Green
|
0-0: Called Strike 0-1: Ball 1-1: Ball 2-1: Swinging Strike 2-2: Ball 3-2: Ground out 5-3 (Groundball, 5L)
|
Bottom of the 8th over - 0 run(s), 0 hit(s), 0 error(s), 2 left on base; Purdue 2 - Virginia 11 |
TOP OF THE 9TH |
Purdue Boilermakers batting - Pitching for Virginia Cavaliers : RHP Gary Workman
|
Batting: RHB Robby Lewis
|
0-0: Called Strike 0-1: Ball 1-1: Called Strike 1-2: Strikes out swinging, 2-3 out at first.
|
Batting: RHB Norm Scott
|
0-0: Fly out, F8 (Flyball, 8RM)
|
Batting: SHB Ben Summers
|
0-0: Foul Ball, location: 2F 0-1: Ball 1-1: Fly out, F7 (Flyball, 7M)
|
Top of the 9th over - 0 run(s), 0 hit(s), 0 error(s), 0 left on base; Purdue 2 - Virginia 11 |
|